 Dungeon Crawl Stone Soup version 0.17.2 (webtiles) character file.

438 Goblin1989 the Sneak (level 6, -1/44 HPs)
             Began as a Demonspawn Assassin on July 13, 2016.
             Slain by a wraith (10 damage)
             ... in an ossuary on July 14, 2016.
             The game lasted 00:24:34 (2209 turns).

Goblin1989 the Sneak (Demonspawn Assassin)          Turns: 2209, Time: 00:24:34

Health: -1/44      AC: 10    Str: 11      XL:     6   Next: 69%
Magic:  6/6        EV: 17    Int: 11 (13) God:
Gold:   106        SH:  0    Dex: 21      Spells: 1 memorised, 1 level left

rFire  . . .     SeeInvis +     d - +0 short sword (speed)
rCold  + . .     Clarity  .     c - +0 robe
rNeg   . . .     SustAt   .     (no shield)
rPois  .         Gourm    .     (no helmet)
rElec  .         Spirit   .     y - +2 cloak
rCorr  .         Warding  .     s - +1 pair of gloves
rMut   .         Stasis   .     (no boots)
MR     .....                    (no amulet)
Stlth  ++++......               (no ring)
                                m - +3 ring of protection

@: agile, very slightly contaminated, slowed, invisible, very slow, not
resistant to hostile enchantments, stealthy
A: talons 1, see invisible, cold resistance 1, high mp 1, screaming 1
a: no special abilities


You were in an ossuary.
You were hungry.

You visited 1 branch of the dungeon, and saw 5 of its levels.
You also visited: Ossuary.

You collected 106 gold pieces.

Inventory:

Hand Weapons
 a - a +2 dagger
 b - a +0 blowgun
 d - a +0 short sword of speed (weapon)
Missiles
 e - 60 poisoned needles
 f - a curare-tipped needle
 v - 5 javelins (quivered)
Armour
 c - a +0 robe (worn)
 s - a +1 pair of gloves (worn)
 y - a +2 cloak (worn)
Jewellery
 m - a +3 ring of protection (left hand)
Wands
 u - a wand of flame (10)
Scrolls
 i - 4 scrolls of identify {unknown}
 l - 2 scrolls of amnesia {unknown}
 p - a scroll of enchant weapon {unknown}
 r - 3 scrolls of remove curse
 w - a scroll of teleportation {unknown}
 x - 4 scrolls of noise {unknown}
Potions
 A - a potion of flight
Books
 o - a book of Conjurations

   Spells                             Type                      Level
   a - Magic Dart                     Conjuration                  1
   b - Searing Ray                    Conjuration                  2
   c - Dazzling Spray                 Conjuration/Hexes            3
   d - Fulminant Prism                Conjuration/Hexes            4
   e - Iskenderun's Mystic Blast      Conjuration                  4
   f - Iskenderun's Battlesphere      Conjuration/Charms           5
Comestibles
 g - a bread ration
 h - a slice of pizza
 j - a beef jerky
 q - 3 meat rations


   Skills:
 * Level 2.2 Fighting
 * Level 4.6 Short Blades
 - Level 1.7 Throwing
 * Level 1.0 Dodging
 - Level 5.3 Stealth
 + Level 1.9 Conjurations
 + Level 1.9 Hexes


You had one spell level left.
You knew the following spells:

 Your Spells              Type           Power        Failure   Level  Hunger
a - Fulminant Prism       Conj/Hex       #.........   99%         4    #####..


Dungeon Overview and Level Annotations

Branches:
Dungeon (5/15)
 Temple: D:4-7

Altars:

Shops:
D:4 }


Innate Abilities, Weirdness & Mutations

You have sharp toenails.
Your flesh is cold resistant.
You have supernaturally acute eyesight.
You have an increased reservoir of magic (+10% MP).
You occasionally shout uncontrollably at your foes.


Message History

You feel as though you will be slow longer.
* * * LOW HITPOINT WARNING * * *
You take 2 damage, and have 9/44 hp.
Read which item? (? for menu, Esc to quit)
Okay, then.
You closely miss the wraith. Your kick misses the wraith.
The gnoll skeleton barely misses you. The wraith hits you but does no damage.
You barely miss the wraith. The wraith completely misses you.
The gnoll skeleton misses you.
You hit the gnoll skeleton.
You claw the gnoll skeleton, but do no damage.
You hit the gnoll skeleton. You claw the gnoll skeleton. The wraith hits you.
* * * LOW HITPOINT WARNING * * *
The gnoll skeleton barely misses you.
You take 1 damage, and have 9/44 hp.
You closely miss the wraith. You claw the wraith, but do no damage.
You are feeling hungry.
The wraith closely misses you.
You hit the wraith but do no damage. The wraith hits you!
You die...

#############
#...........
#.∩.......
#.......#####+####
#.....@##.... ....##
#...ZW##...#####...##
#....##...##...##...##
#....#...##..??.##...#
#....'...'W!.!...#...+
#....#...##.!.!.##...#
#....##...##.W.##...##
#.....##...#####...##
#......##.........##.


You could see a wraith and a gnoll skeleton.

Vanquished Creatures
  Edmund (D:5)
  An ogre (D:4)
  A hound (D:4)
  An orc priest (D:4)
  Terence (D:2)
  An orc wizard (D:4)
  A hound skeleton (D:4)
  A mummy (Ossuary)
  3 adders
  An adder skeleton (D:4)
  2 worms (D:2)
  8 orcs (D:4)
  A ball python (D:3)
  3 giant cockroaches
  5 goblins
  8 hobgoblins
  6 jackals
  6 bats
  3 giant newts
  3 gnoll skeletons (Ossuary)
  A jackal skeleton (D:4)
  6 kobolds
  3 kobold skeletons (Ossuary)
  9 orc skeletons (Ossuary)
  A quokka (D:2)
  4 rats
81 creatures vanquished.

Notes
Turn   | Place    | Note
--------------------------------------------------------------
     0 | D:1      | Goblin1989 the Demonspawn Assassin began the quest for the Orb.
     0 | D:1      | Reached XP level 1. HP: 16/16 MP: 1/1
   160 | D:1      | Gained mutation: Your flesh is cold resistant. [demonic ancestry]
   160 | D:1      | Reached XP level 2. HP: 19/22 MP: 2/2
   291 | D:2      | Noticed Terence
   303 | D:2      | Reached skill level 4 in Stealth
   346 | D:2      | Killed Terence
   346 | D:2      | Reached XP level 3. HP: 6/27 MP: 3/3
   363 | D:2      | Gained mutation: You have an increased reservoir of magic (+10% MP). [potion of mutation]
   363 | D:2      | Gained mutation: You have supernaturally acute eyesight. [potion of mutation]
   363 | D:2      | Gained mutation: You occasionally shout uncontrollably at your foes. [potion of mutation]
   363 | D:2      | HP: 1/27 [adder (2)]
   426 | D:2      | Reached XP level 4. HP: 15/33 MP: 4/4
  1459 | D:4      | Noticed an ogre
  1471 | D:4      | Killed an ogre
  1471 | D:4      | Reached skill level 5 in Stealth
  1471 | D:4      | Reached XP level 5. HP: 38/38 MP: 5/5
  1518 | D:4      | Learned a level 4 spell: Fulminant Prism
  1607 | D:4      | Reached skill level 1 in Hexes
  1663 | D:4      | Reached skill level 1 in Conjurations
  1663 | D:4      | Gained mutation: You have sharp toenails. [demonic ancestry]
  1663 | D:4      | Reached XP level 6. HP: 44/44 MP: 6/6
  1730 | D:4      | Found Iffeax's Gadget Shop.
  1928 | D:5      | Entered Level 5 of the Dungeon
  1928 | D:5      | Noticed Edmund
  1937 | D:5      | Found a sand-covered staircase.
  1950 | D:5      | Killed Edmund
  1955 | Ossuary  | Entered an ossuary
  1955 | Ossuary  | Noticed a wraith
  1955 | Ossuary  | Noticed a wraith
  1955 | Ossuary  | Noticed a wraith
  2135 | Ossuary  | Noticed a wraith
  2184 | Ossuary  | Reached skill level 1 in Dodging
  2209 | Ossuary  | Slain by a wraith

Action                   |  1- 3 |  4- 6 || total
-------------------------+-------+-------++-------
Melee: Dagger            |    59 |    78 ||   137
       Short sword       |       |    94 ||    94
 Fire: Blowgun           |    27 |    60 ||    87
  Use: Potion            |     5 |     5 ||    10
       Scroll            |     1 |     1 ||     2
 Stab: Sleeping          |     6 |     8 ||    14
       Distracted        |       |     1 ||     1
  Eat: Chunk             |       |     2 ||     2
       Royal jelly       |       |     1 ||     1
